 Dungeon Crawl Stone Soup version 0.17.0-28-g6e173f8 (webtiles) character file.

13282 homeworkjunkie the Covert (level 11, -7/84 HPs)
             Began as a Spriggan Assassin on Dec 3, 2015.
             Was a Priest of Okawaru.
             Mangled by a blue devil (13 damage)
             ... in an ice cave.
             The game lasted 00:26:15 (11478 turns).

homeworkjunkie the Covert (Spriggan Assassin)      Turns: 11478, Time: 00:26:15

Health: -7/84      AC:  5    Str: 13    XL:     11   Next: 73%
Magic:  19/19      EV: 28    Int: 13    God:    Okawaru [***...]
Gold:   678        SH:  0    Dex: 20    Spells: 0 memorised, 20 levels left

rFire  . . .     SeeInvis +     a - +3 rapier (elec)
rCold  . . .     Clarity  .     E - +0 robe
rNeg   + . .     SustAt   .     (shield restricted)
rPois  .         Gourm    .     (helmet restricted)
rElec  .         Spirit   .     d - +2 cloak
rCorr  .         Warding  +     (gloves unavailable)
rMut   .         Stasis   .     (boots unavailable)
MR     +....                    B - amulet of warding
Stlth  ..........               m - ring of invisibility
                                o - ring of flight

@: berserking, very quick, somewhat resistant to hostile enchantments, extremely
unstealthy
A: unfitting armour, see invisible, herbivore 3, speed 3, slow metabolism 2
a: Heroism, Renounce Religion, Evoke Invisibility, Evoke Flight


You were in an ice cave.
You worshipped Okawaru.
Okawaru was most pleased with you.
You were full.

You visited 2 branches of the dungeon, and saw 12 of its levels.
You also visited: Ice Cave.

You collected 858 gold pieces.
You spent 180 gold pieces at shops.

Inventory:

Hand Weapons
 a - a +3 rapier of electrocution (weapon)
 b - a +0 blowgun
 q - a +0 hunting sling
 u - a +2 rapier of draining
Missiles
 e - 91 poisoned needles
 f - 2 curare-tipped needles
 j - 3 tomahawks (quivered)
 k - 73 sling bullets
 v - 14 silver sling bullets
Armour
 d - a +2 cloak (worn)
 l - a +4 fire dragon armour
 E - a +0 robe (worn)
Jewellery
 m - a ring of invisibility (right hand)
 o - a ring of flight (left hand)
 B - an amulet of warding (around neck)
Wands
 c - a wand of lightning (0)
 C - a wand of slowing (16)
Scrolls
 h - 7 scrolls of teleportation
 i - a scroll of identify
 t - 6 scrolls of remove curse
 y - a scroll of amnesia
 z - 2 scrolls of holy word
 A - a scroll of fog
Potions
 n - 4 potions of agility
 p - 2 potions of brilliance
 r - a potion of berserk rage
 s - 2 potions of cure mutation
 D - 2 potions of flight
Comestibles
 g - 6 bread rations
 x - 8 slices of pizza


   Skills:
 * Level 6.1 Fighting
 * Level 7.8 Short Blades
 * Level 9.3(10.8) Slings
 * Level 7.5(9.0) Throwing
 + Level 3.9 Armour
 * Level 10.7 Dodging
 * Level 13.4 Stealth
 + Level 2.6 Unarmed Combat
 + Level 5.1 Spellcasting
 * Level 7.9 Evocations


You had 20 spell levels left.
You didn't know any spells.

Dungeon Overview and Level Annotations

Branches:
Dungeon (11/15)            Temple (1/1) D:6
   Lair: D:8-11         Orc: D:9-12

Altars:
Ashenzari
Cheibriados
Dithmenos
Elyvilon
Fedhas
Gozag
Kikubaaqudgha
Makhleb
Nemelex Xobeh
Okawaru
Qazlal
Ru
Sif Muna
Trog
Vehumet
Xom
Yredelemnul
Zin
The Shining One

Shops:
D:9 =

Annotations:
D:7 Prince Ribbit
D:11 2 runed doors IceCv exclusion: 2 ice statues


Innate Abilities, Weirdness & Mutations

You are tiny and cannot use many weapons and most armour.
You have supernaturally acute eyesight.
You are a herbivore.
You cover ground extremely quickly.
You need consume almost no food.


Message History

* * * LOW HITPOINT WARNING * * *
The blue devil hits you.
* * * LOW HITPOINT WARNING * * *
Drink which item? (? for menu, Esc to quit)
A red film seems to cover your vision as you go berserk!
You feel yourself moving faster!
You feel mighty! The blue devil completely misses you.
The blue devil closely misses you.
You completely miss the blue devil.
The blue devil is moderately wounded.
You puncture the blue devil!
There is a sudden explosion of sparks!
The blue devil is severely wounded.
The blue devil completely misses you. The blue devil misses you.
You hit the blue devil.
The blue devil is heavily wounded.
You hit the blue devil but do no damage.
There is a sudden explosion of sparks!
You kill the blue devil!
Okawaru accepts your kill. The blue devil hits you!
You die...

#...... #........
#### 8........ ##.@##
##........
##..4.######.........
#.......##...........
#..∩∩.............⌠..
#(...(..(((((4..(....
##....##..##.........
##..########......3.
#### 8........
##........


You could see a blue devil.

Vanquished Creatures
  Gastronok (D:8)
  An ice devil (IceCv)
  Pikel (D:7)
  Maurice (D:8)
  Joseph (D:9)
  A troll (D:9)
  Grinder (D:3)
  A blue devil (IceCv)
  A deep elf mage (D:11)
  2 hippogriffs
  A wyvern (D:8)
  Grum (D:8)
  The ghost of Nicoed the Changer, an amateur DrTm (D:3)
  3 wolves (D:8)
  Menkaure (D:6)
  Purgy (D:3)
  A water moccasin (D:8)
  2 black bears (D:8)
  2 centaurs
  3 sky beasts
  7 ice beasts
  2 orc warriors
  5 ogres
  5 phantoms
  4 big kobolds
  Blork the orc (D:6)
  5 giant frogs
  4 scorpions
  A centaur zombie (D:8)
  A crimson imp (D:11)
  An electric eel (D:11)
  2 giant frog zombies
  3 jellies
  Crazy Yiuf (D:3)
  2 gnoll shamans
  6 iguanas
  2 orc priests
  11 orc wizards
  4 hounds
  3 centaur skeletons
  2 giant frog skeletons
  9 worker ants
  A hound skeleton (D:8)
  A hound zombie (D:5)
  3 worker ant zombies
  22 gnolls
  8 adders
  A shadow imp (D:9)
  An ooze (D:1)
  3 adder zombies (D:6)
  4 worms
  2 adder skeletons
  21 orcs
  A ball python (D:7)
  4 bats
  11 giant cockroaches
  24 hobgoblins
  8 jackals
  A quokka (D:5)
  4 giant geckos
  2 giant gecko skeletons
  A giant gecko zombie (D:6)
  5 giant newts
  43 goblins
  A jackal skeleton (D:6)
  8 kobolds
  3 quokka skeletons
  3 rats
294 creatures vanquished.

Vanquished Creatures (others)
  2 slaves (D:7)
  An ice beast (D:7)
  A big kobold (D:7)
  3 kobolds (D:7)
7 creatures vanquished.

Grand Total: 301 creatures vanquished

Notes
Turn   | Place    | Note
--------------------------------------------------------------
     0 | D:1      | homeworkjunkie the Spriggan Assassin began the quest for the Orb.
     0 | D:1      | Reached XP level 1. HP: 10/10 MP: 2/2
    18 | D:1      | Reached skill level 6 in Stealth
   222 | D:2      | Reached XP level 2. HP: 5/15 MP: 3/3
   871 | D:2      | Found a blossoming altar of Fedhas.
  1054 | D:3      | Noticed Nicoed's ghost (amateur DrTm)
  1058 | D:3      | Reached skill level 7 in Stealth
  1058 | D:3      | Reached XP level 3. HP: 18/18 MP: 4/4
  1164 | D:4      | Reached XP level 4. HP: 23/23 MP: 5/5
  1188 | D:4      | Reached skill level 8 in Stealth
  1338 | D:4      | Noticed an ogre
  1354 | D:4      | Killed an ogre
  1354 | D:4      | Reached XP level 5. HP: 26/26 MP: 6/6
  2159 | D:2      | Found a sparkling altar of Nemelex Xobeh.
  2948 | D:3      | Reached XP level 6. HP: 30/30 MP: 7/7
  3445 | D:3      | Noticed a big kobold
  3447 | D:3      | Noticed a big kobold
  3479 | D:3      | Killed a big kobold
  3479 | D:3      | Reached skill level 9 in Stealth
  3490 | D:3      | Killed a big kobold
  3490 | D:3      | Reached skill level 1 in Slings
  3563 | D:3      | Noticed a big kobold
  3573 | D:3      | Killed a big kobold
  3573 | D:3      | Reached XP level 7. HP: 27/35 MP: 8/8
  4022 | D:3      | Killed Nicoed's ghost
  4022 | D:3      | Reached skill level 5 in Dodging
  4146 | D:3      | Noticed Crazy Yiuf
  4150 | D:3      | Killed Crazy Yiuf
  4321 | D:3      | Noticed Grinder
  4334 | D:3      | Killed Grinder
  4401 | D:3      | Noticed a sky beast
  4408 | D:3      | Killed a sky beast
  4408 | D:3      | Reached XP level 8. HP: 39/39 MP: 9/9
  4430 | D:3      | Reached skill level 5 in Short Blades
  4430 | D:3      | Reached skill level 5 in Throwing
  4430 | D:3      | Reached skill level 11 in Stealth
  4430 | D:3      | Reached skill level 5 in Evocations
  4430 | D:3      | Reached XP level 9. HP: 42/46 MP: 9/16
  4431 | D:3      | Reached skill level 5 in Fighting
  4431 | D:3      | Reached skill level 12 in Stealth
  4431 | D:3      | Reached skill level 5 in Spellcasting
  4431 | D:3      | Reached XP level 10. HP: 45/51 MP: 9/18
  4502 | D:3      | Found a glowing golden altar of the Shining One.
  4505 | D:3      | Found a glowing silver altar of Zin.
  4508 | D:3      | Found a snail-covered altar of Cheibriados.
  4568 | D:3      | Noticed Purgy
  4575 | D:3      | Killed Purgy
  4703 | D:4      | Identified the Catalogue of Mutagenic Ice
  4868 | D:5      | Entered Level 5 of the Dungeon
  4898 | D:4      | Noticed a phantom
  4906 | D:4      | Killed a phantom
  5610 | D:6      | Noticed Blork the orc
  5617 | D:6      | Killed Blork the orc
  5862 | D:6      | Found an opulent altar of Gozag.
  6381 | D:5      | Identified a scroll of acquirement
  6748 | D:5      | Found a deep blue altar of Sif Muna.
  7095 | D:6      | Noticed Menkaure
  7107 | D:6      | Killed Menkaure
  7255 | D:6      | Found a staircase to the Ecumenical Temple.
  7261 | Temple   | Entered the Ecumenical Temple
  7298 | D:7      | Noticed Pikel
  7316 | D:7      | Killed Pikel
  7316 | D:7      | Reached skill level 10 in Dodging
  7620 | D:7      | Noticed Prince Ribbit
  7743 | D:9      | Found Lisku's Jewellery Emporium.
  8470 | D:7      | Found an iron altar of Okawaru.
  8475 | D:7      | Found a bloodstained altar of Trog.
  8486 | D:7      | Became a worshipper of Warmaster Okawaru
  8944 | D:8      | Noticed Gastronok
  8981 | D:8      | Reached XP level 11. HP: 16/56 MP: 19/19
  9094 | D:8      | Killed Gastronok
  9094 | D:8      | Reached * piety under Okawaru
  9094 | D:8      | Reached skill level 13 in Stealth
  9426 | D:8      | Noticed Grum
  9434 | D:8      | Noticed Maurice
  9470 | D:8      | Killed Grum
  9490 | D:8      | Reached ** piety under Okawaru
  9525 | D:8      | Killed Maurice
  9900 | D:10     | Entered Level 10 of the Dungeon
 10196 | D:9      | Found a stormy altar of Qazlal.
 10239 | D:9      | Noticed Joseph
 10242 | D:9      | Killed Joseph
 10408 | D:9      | Bought an uncursed amulet of warding for 180 gold pieces
 10771 | D:11     | Found a runed door.
 10772 | D:11     | Reached *** piety under Okawaru
 10789 | D:11     | Found a runed door.
 10804 | D:11     | Found a frozen archway.
 10985 | IceCv    | Entered an ice cave
 11051 | IceCv    | Noticed an ice devil
 11082 | IceCv    | Killed an ice devil
 11439 | IceCv    | Noticed an ice devil
 11478 | IceCv    | Mangled by a blue devil

Action                   |  1- 3 |  4- 6 |  7- 9 | 10-12 || total
-------------------------+-------+-------+-------+-------++-------
Melee: Dagger            |    49 |       |       |       ||    49
       Rapier            |    14 |   115 |    55 |   491 ||   675
 Fire: Blowgun           |       |    53 |       |    68 ||   121
       Hunting sling     |       |    22 |    36 |   129 ||   187
Throw: Tomahawk          |       |       |       |     2 ||     2
Evoke: Wand              |       |       |       |    16 ||    16
  Use: Scroll            |     2 |     7 |     1 |    22 ||    32
       Potion            |     1 |     1 |     3 |     5 ||    10
 Stab: Sleeping          |     8 |    12 |     4 |    43 ||    67
       Distracted        |       |     1 |       |     1 ||     2
  Eat: Pizza             |       |       |     3 |       ||     3
       Fruit             |       |       |     1 |     1 ||     2
       Bread ration      |       |       |       |     1 ||     1
